 Dungeon Crawl Stone Soup version 0.29.0-4-gdea44cf6ec (webtiles) character file.

Game seed: 13697724047927619247

100 qw the Ruffian (level 4, -1/36 HPs)
             Began as a Ghoul Fire Elementalist on Aug 29, 2022.
             Slain by Ijyb
             ... wielding a +0 dagger
              (3 damage)
             ... on level 3 of the Dungeon.
             The game lasted 00:03:00 (2802 turns).

qw the Ruffian (Ghoul Fire Elementalist)            Turns: 2802, Time: 00:03:01

Health: -1/36      AC:  5    Str: 13    XL:     4   Next: 73%
Magic:  5/5        EV: 11    Int: 13    God:
Gold:   237        SH:  2    Dex:  9    Spells: 5/6 levels left

rFire   . . .      SeeInvis .     - Unarmed
rCold   + . .      Faith    .   h - +0 buckler
rNeg    + + +      Spirit   .   d - +0 leather armour
rPois   inf        Reflect  .   c - +0 helmet {Int+3}
rElec   .          Harm     .   (no cloak)
rCorr   .          Rampage  .   j - +0 pair of gloves
Will    .....                   (no boots)
Stlth   +.........              (no amulet)
HPRegen 0.00/turn               (no ring)
MPRegen 0.09/turn               (no ring)

@: inhibited regen
A: claws 1, cold resistance 1, negative energy resistance 3, inhibited
regeneration, torment resistance 2, devour on kill
a: no special abilities


You were on level 3 of the Dungeon.
You visited 1 branch of the dungeon, and saw 3 of its levels.

You collected 237 gold pieces.


Innate Abilities, Weirdness & Mutations

You are immune to poison.
You have sharp fingernails.
Your flesh is cold resistant. (rC+)
You are immune to negative energy. (rN+++)
You do not regenerate when monsters are visible.
You are immune to unholy pain and torment.
You thrive by killing the living.


   Skills:
 - Level 2.0 Fighting
 - Level 1.7 Dodging
 - Level 2.1 Stealth
 + Level 0.0 Shields
 - Level 4.0 Unarmed Combat
 - Level 1.7 Spellcasting
 - Level 0.7 Conjurations
 - Level 2.4 Fire Magic


You had 5 spell levels left.
You knew the following spells:

 Your Spells              Type           Power      Damage    Failure   Level
a - Foxfire               Conj/Fire      20%        2x1d5     24%         1

Your spell library contained the following spells:

 Spells                   Type           Power      Damage    Failure   Level
 Scorch                   Fire           14%        2d5       26%         2
 Conjure Flame            Conj/Fire      5%         6-21      58%         3
 Inner Flame              Hex/Fire       4%         N/A       65%         3
 Flame Wave               Conj/Fire      5%         2d5       94%         4

Inventory:

Armour
 c - a +0 helmet of intelligence (worn)
 d - a +0 leather armour (worn)
 h - a +0 buckler (worn)
 j - a +0 pair of gloves (worn)
Scrolls
 a - a scroll of teleportation {unknown}
Potions
 f - a potion of lignification {unknown}

Dungeon Overview and Level Annotations

Branches:
Dungeon (3/15)

Altars:

Annotations:
D:3 Ijyb


Message History

You barely miss Ijyb.
Ijyb is lightly wounded.
Ijyb hits you with a +0 dagger.
You closely miss Ijyb.
Ijyb is lightly wounded.
Ijyb hits you with a +0 dagger.
You hit Ijyb but do no damage.
Ijyb is lightly wounded.
Ijyb barely misses you.
You barely miss Ijyb.
Ijyb is lightly wounded.
Ijyb zaps a wand.
You suddenly lose the ability to move!
Ijyb screams, "It's all mine!"
Ijyb hits you with a +0 dagger. The rat bites you but does no damage.
You can move again.
You hit Ijyb but do no damage.
Ijyb is lightly wounded.
Ijyb misses you. The rat barely misses you.
You hit Ijyb.
Ijyb is lightly wounded.
Ijyb zaps a wand.
You suddenly lose the ability to move!
The rat barely misses you. Ijyb hits you with a +0 dagger.
The rat bites you but does no damage. Ijyb hits you but does no damage.
The rat bites you but does no damage.
Ijyb zaps a wand.
You resist with some effort. The rat bites you but does no damage.
Ijyb hits you with a +0 dagger. The rat bites you but does no damage.
Ijyb zaps a wand.
You resist with some effort. The rat bites you but does no damage.
You can move again.
You barely miss Ijyb.
Ijyb is lightly wounded.
Ijyb zaps a wand.
You resist with some effort. You block the rat's attack.
You hit Ijyb but do no damage.
Ijyb is lightly wounded.
Ijyb hits you with a +0 dagger. The rat barely misses you.
You hit Ijyb but do no damage.
Ijyb is lightly wounded.
Ijyb hits you with a +0 dagger.
You die...

#######...............
#.....#................#
#.....#.................
#.._..#...)<...........#
#.....#.))..#..........#
#.....#................#
###'###..##.............
........####....r.......
..#..)...# ##...@g.....#
.##......# #..........#
.##......# #......)...#
.........# #..........#
.#.......# ##........##
.##.>....# ##......##
.##......# ###......
..#......# ......
..#......##


You could see Ijyb and a rat.

Vanquished Creatures
  Robin (D:3)
  3 adders (D:2)
  3 dart slugs
  A worm (D:2)
  An endoplasm (D:2)
  16 goblins
  3 hobgoblins
  2 jackals (D:3)
  2 quokkas
  5 ball pythons
  3 bats
  2 frilled lizards (D:2)
  5 kobolds
  2 rats
49 creatures vanquished.

Notes
Turn   | Place    | Note
-------+----------+-------------------------------------------
     0 | D:1      | qw the Ghoul Fire Elementalist began the quest for the Orb.
     0 | D:1      | Reached XP level 1. HP: 14/14 MP: 2/2
     0 | D:1      | 0 ||| qw: Version: 0.1-a-90-g952f4b7
     0 | D:1      | 0 ||| qw: Game counter: 3994
     0 | D:1      | 0 ||| qw: Always use a shield: true
     0 | D:1      | 0 ||| qw: God list: Okawaru
     0 | D:1      | 0 ||| qw: Allow faded altars: false
     0 | D:1      | 0 ||| qw: Do Orc after D:15 true
     0 | D:1      | 0 ||| qw: Do second Lair branch before Depths: true
     0 | D:1      | 0 ||| qw: Lair rune preference: random
     0 | D:1      | 0 ||| qw: Plans: Normal
     0 | D:1      | 0 ||| PLANNING D:1-11
   120 | D:1      | 120 ||| Stepping ~*~*~tactically~*~*~ (hiding).
   134 | D:1      | Reached skill level 1 in Unarmed Combat
   382 | D:1      | Reached XP level 2. HP: 22/22 MP: 3/3
   401 | D:1      | Reached skill level 1 in Fighting
   544 | D:1      | 544 ||| Stepping ~*~*~tactically~*~*~ (stealth).
   546 | D:1      | 546 ||| Stepping ~*~*~tactically~*~*~ (stealth).
   553 | D:1      | 553 ||| Stepping ~*~*~tactically~*~*~ (stealth).
   554 | D:1      | 554 ||| Stepping ~*~*~tactically~*~*~ (stealth).
   566 | D:1      | HP: 4/23 [kobold/+0 dagger (2)]
   576 | D:1      | Reached skill level 2 in Unarmed Combat
   962 | D:1      | 962 ||| READING scroll labelled TUADAR WANG.
   963 | D:1      | 963 ||| READING scroll labelled HOEMOFFU ESULU.
   964 | D:1      | 964 ||| READING scroll labelled GEUXZICULL.
   964 | D:1      | Identified a scroll of acquirement
   964 | D:1      | 964 ||| ACQUIRING +0 helmet of intelligence
   964 | D:1      | Acquired a +0 helmet of intelligence
   966 | D:1      | 966 ||| UPGRADING to +0 helmet of intelligence.
   971 | D:1      | 971 ||| DROPPING potion of magic.
  1028 | D:2      | Found a faded altar of an unknown god.
  1029 | D:2      | 1029 ||| Stepping ~*~*~tactically~*~*~ (stealth).
  1125 | D:2      | Reached XP level 3. HP: 28/28 MP: 4/4
  1276 | D:2      | 1276 ||| Stepping ~*~*~tactically~*~*~ (stealth).
  1289 | D:2      | Reached skill level 3 in Unarmed Combat
  1510 | D:2      | HP: 6/28 [worm (7)]
  1806 | D:2      | Reached XP level 4. HP: 35/35 MP: 5/5
  2131 | D:2      | 2131 ||| UPGRADING to +0 leather armour.
  2141 | D:2      | 2141 ||| DROPPING +0 robe.
  2142 | D:2      | 2142 ||| UPGRADING to +0 buckler.
  2147 | D:2      | 2147 ||| UPGRADING to +0 pair of gloves.
  2152 | D:2      | 2152 ||| DROPPING ring of magical power.
  2153 | D:2      | 2153 ||| READING scroll labelled TEKLEM NOCI.
  2154 | D:2      | 2154 ||| READING scroll labelled RUTOVY AMAI.
  2155 | D:2      | 2155 ||| DRINKING 2 glowing pink potions.
  2185 | D:3      | 2185 ||| Stepping ~*~*~tactically~*~*~ (outnumbered).
  2186 | D:3      | 2186 ||| Stepping ~*~*~tactically~*~*~ (outnumbered).
  2188 | D:3      | 2188 ||| Stepping ~*~*~tactically~*~*~ (outnumbered).
  2189 | D:3      | 2189 ||| Stepping ~*~*~tactically~*~*~ (outnumbered).
  2191 | D:3      | 2191 ||| Stepping ~*~*~tactically~*~*~ (outnumbered).
  2192 | D:3      | 2192 ||| Stepping ~*~*~tactically~*~*~ (outnumbered).
  2193 | D:3      | 2193 ||| STAIRDANCE
  2254 | D:3      | 2254 ||| Stepping randomly (stuck).
  2255 | D:3      | 2255 ||| Stepping randomly (stuck).
  2256 | D:3      | 2256 ||| Stepping randomly (stuck).
  2257 | D:3      | 2257 ||| Stepping randomly (stuck).
  2258 | D:3      | 2258 ||| Stepping randomly (stuck).
  2260 | D:3      | 2260 ||| Stepping randomly (stuck).
  2261 | D:3      | 2261 ||| Stepping randomly (stuck).
  2262 | D:3      | 2262 ||| Stepping randomly (stuck).
  2263 | D:3      | 2263 ||| Stepping randomly (stuck).
  2264 | D:3      | 2264 ||| Stepping randomly (stuck).
  2265 | D:3      | 2265 ||| Stepping randomly (stuck).
  2266 | D:3      | 2266 ||| Stepping randomly (stuck).
  2267 | D:3      | 2267 ||| Stepping randomly (stuck).
  2268 | D:3      | 2268 ||| Stepping randomly (stuck).
  2269 | D:3      | 2269 ||| Stepping randomly (stuck).
  2270 | D:3      | 2270 ||| Stepping randomly (stuck).
  2271 | D:3      | 2271 ||| Stepping randomly (stuck).
  2272 | D:3      | 2272 ||| Stepping randomly (stuck).
  2273 | D:3      | 2273 ||| Stepping randomly (stuck).
  2274 | D:3      | 2274 ||| Stepping randomly (stuck).
  2275 | D:3      | 2275 ||| Stepping randomly (stuck).
  2276 | D:3      | 2276 ||| Stepping randomly (stuck).
  2277 | D:3      | 2277 ||| Stepping randomly (stuck).
  2278 | D:3      | 2278 ||| Stepping randomly (stuck).
  2279 | D:3      | 2279 ||| Stepping randomly (stuck).
  2280 | D:3      | 2280 ||| Stepping randomly (stuck).
  2281 | D:3      | 2281 ||| Stepping randomly (stuck).
  2282 | D:3      | 2282 ||| Stepping randomly (stuck).
  2283 | D:3      | 2283 ||| Stepping randomly (stuck).
  2284 | D:3      | 2284 ||| Stepping randomly (stuck).
  2285 | D:3      | 2285 ||| Stepping randomly (stuck).
  2286 | D:3      | 2286 ||| Stepping randomly (stuck).
  2287 | D:3      | 2287 ||| Stepping randomly (stuck).
  2288 | D:3      | 2288 ||| Stepping randomly (stuck).
  2289 | D:3      | 2289 ||| Stepping randomly (stuck).
  2290 | D:3      | 2290 ||| Stepping randomly (stuck).
  2291 | D:3      | 2291 ||| Stepping randomly (stuck).
  2292 | D:3      | 2292 ||| Stepping randomly (stuck).
  2293 | D:3      | 2293 ||| Stepping randomly (stuck).
  2294 | D:3      | 2294 ||| Stepping randomly (stuck).
  2295 | D:3      | 2295 ||| Stepping randomly (stuck).
  2296 | D:3      | 2296 ||| Stepping randomly (stuck).
  2297 | D:3      | 2297 ||| Stepping randomly (stuck).
  2302 | D:3      | 2302 ||| Stepping randomly (stuck).
  2303 | D:3      | 2303 ||| Stepping randomly (stuck).
  2304 | D:3      | 2304 ||| Stepping randomly (stuck).
  2305 | D:3      | 2305 ||| Stepping randomly (stuck).
  2306 | D:3      | 2306 ||| Stepping randomly (stuck).
  2307 | D:3      | 2307 ||| Stepping randomly (stuck).
  2308 | D:3      | 2308 ||| Stepping randomly (stuck).
  2309 | D:3      | 2309 ||| Stepping randomly (stuck).
  2310 | D:3      | 2310 ||| Stepping randomly (stuck).
  2311 | D:3      | 2311 ||| Stepping randomly (stuck).
  2337 | D:3      | 2337 ||| Stepping randomly (stuck).
  2338 | D:3      | 2338 ||| Stepping randomly (stuck).
  2339 | D:3      | 2339 ||| Stepping randomly (stuck).
  2340 | D:3      | 2340 ||| Stepping randomly (stuck).
  2348 | D:3      | Reached skill level 4 in Unarmed Combat
  2406 | D:3      | 2406 ||| Stepping ~*~*~tactically~*~*~ (stealth).
  2417 | D:3      | 2417 ||| Stepping ~*~*~tactically~*~*~ (stealth).
  2429 | D:3      | 2429 ||| Stepping ~*~*~tactically~*~*~ (stealth).
  2429 | D:3      | Noticed Robin
  2431 | D:3      | 2431 ||| Stepping ~*~*~tactically~*~*~ (outnumbered).
  2432 | D:3      | 2432 ||| Stepping ~*~*~tactically~*~*~ (outnumbered).
  2434 | D:3      | 2434 ||| Stepping ~*~*~tactically~*~*~ (outnumbered).
  2435 | D:3      | 2435 ||| Stepping ~*~*~tactically~*~*~ (outnumbered).
  2436 | D:3      | 2436 ||| Stepping ~*~*~tactically~*~*~ (outnumbered).
  2437 | D:3      | 2437 ||| Stepping ~*~*~tactically~*~*~ (hiding).
  2439 | D:3      | 2439 ||| Stepping ~*~*~tactically~*~*~ (hiding).
  2440 | D:3      | 2440 ||| Stepping ~*~*~tactically~*~*~ (hiding).
  2441 | D:3      | 2441 ||| Stepping ~*~*~tactically~*~*~ (hiding).
  2442 | D:3      | 2442 ||| Stepping ~*~*~tactically~*~*~ (outnumbered).
  2443 | D:3      | 2443 ||| Stepping ~*~*~tactically~*~*~ (outnumbered).
  2444 | D:3      | 2444 ||| Stepping ~*~*~tactically~*~*~ (outnumbered).
  2445 | D:3      | 2445 ||| Stepping ~*~*~tactically~*~*~ (outnumbered).
  2446 | D:3      | 2446 ||| Stepping ~*~*~tactically~*~*~ (outnumbered).
  2449 | D:3      | 2449 ||| Stepping ~*~*~tactically~*~*~ (outnumbered).
  2450 | D:3      | 2450 ||| Stepping ~*~*~tactically~*~*~ (outnumbered).
  2453 | D:3      | HP: 8/35 [goblin/+0 club[Robin] (4)]
  2454 | D:3      | 2454 ||| DRINKING 2 potions of heal wounds.
  2462 | D:3      | HP: 5/35 [goblin/+0 club[Robin] (5)]
  2463 | D:3      | 2463 ||| DRINKING potion of heal wounds.
  2468 | D:3      | HP: 8/35 [goblin/+0 club[Robin] (5)]
  2469 | D:3      | Killed Robin
  2474 | D:3      | HP: 6/36 [goblin/+0 dagger[Robin] (5)]
  2770 | D:3      | Noticed Ijyb
  2791 | D:3      | Paralysed by Ijyb for 2 turns
  2792 | D:3      | HP: 8/36 [Ijyb/+0 dagger (5)]
  2794 | D:3      | Paralysed by Ijyb for 5 turns
  2798 | D:3      | HP: 3/36 [Ijyb/+0 dagger (3)]
  2802 | D:3      | Slain by Ijyb

Levels and vault maps discovered:
D:1:      wander_arrival_estate, layout_loops_ring, kennysheep_doodads
D:2:      layout_basic, ebering_ecumenical_altar_hall
D:3:      layout_rooms, zin_scriptorium, amcnicky_altar_gilded, uniq_robin,
          uniq_ijyb

Skill      XL: |  1  2  3  4 |
---------------+-------------+-----
Unarmed Combat | 1 2 3 4 |  4.0
Fighting       | 1 2 |  2.0
Dodging        | |  1.7
Stealth        | |  2.1
Spellcasting   | |  1.7
Conjurations   | |  0.7
Fire Magic     | |  2.4

Action                   |  1- 3 |  4- 6 || total
-------------------------+-------+-------++-------
Melee: Unarmed           |   107 |    91 ||   198
       Punch             |     1 |     1 ||     2
  Use: Scroll            |     3 |     2 ||     5
       Potion            |       |     3 ||     3
 Stab: Sleeping          |     1 |       ||     1
Armor: Robe              |    20 |       ||    20
       Leather armour    |       |    50 ||    50
Dodge: Dodged            |    59 |    64 ||   123
Block: Buckler           |       |    13 ||    13

Table legend:
 A = Non-vault XP
 B = Vault XP
 C = Vault XP percentage of total XP
 D = Non-vault monster count
 E = Vault monster count
 F = Vault count percentage of total count
                 A         B        C        D         E       F
            +---------+---------+-------+---------+---------+-------
      Total |     107 |      36 |  25.2 |      37 |      12 |  24.5
            +---------+---------+-------+---------+---------+-------
        D:1 |      27 |       0 |   0.0 |      14 |       0 |   0.0
        D:2 |      63 |       0 |   0.0 |      15 |       0 |   0.0
        D:3 |      17 |      36 |  67.9 |       8 |      12 |  60.0
            +---------+---------+-------+---------+---------+-------
